 Dungeon Crawl Stone Soup version 0.32-a0-120-gfac0567ad4 (webtiles) character file.

Game seed: 16172224418178163151

3663 Atlas the Thaumaturge (level 9, -17/46 HPs)
             Began as a Deep Elf Fire Elementalist on Feb 6, 2024.
             Was a Follower of Vehumet.
             Killed by the air
             ... invoked by Gastronok
              (24 damage)
             ... on level 8 of the Dungeon.
             The game lasted 00:13:36 (8421 turns).

Atlas the Thaumaturge (Deep Elf Fire Elementalist)  Turns: 8421, Time: 00:13:40

Health: -17/46     AC:  9    Str:  6    XL:     9   Next: 89%
Magic:  11/27      EV: 12    Int: 27    God:    Vehumet [*.....]
Gold:   92         SH:  0    Dex: 14    Spells: 18/33 levels left

rFire   . . .        c - +2 dagger (venom)
rCold   + . .        (no shield)
rNeg    . . .        f - +3 leather armour
rPois   .            (helmet restricted)
rElec   .            H - +0 cloak
rCorr   .            m - +0 pair of gloves
SInv    .            G - +0 pair of boots
Will    .....        A - amulet "Xeqic" {RegenMP rC+}
Stlth   ++           (no ring)
HPRegen 0.00/turn    (no ring)
MPRegen 0.60/turn

%: no passive effects
@: inhibited regen, slowed, very slow
A: horns 1, clever 1, inhibited regeneration
a: Renounce Religion


You were on level 8 of the Dungeon.
You worshipped Vehumet.
Vehumet was aware of your devotion.
You visited 1 branch of the dungeon, and saw 8 of its levels.
You also visited: Ossuary.

You collected 512 gold pieces.
You spent 420 gold pieces at shops.

Inventory:

Hand Weapons
 c - a +2 dagger of venom (weapon)
Missiles
 i - a throwing net
Armour
 d - a +0 helmet
 f - a +3 leather armour (worn)
 h - a scarf of invisibility
 m - a +0 pair of gloves (worn)
 F - +0 steam dragon scales
 G - a +0 pair of boots (worn)
 H - a +0 cloak (worn)
Jewellery
 z - a ring of ice
 A - the amulet "Xeqic" (around neck) {RegenMP rC+}
   (You found it on level 4 of the Dungeon)

   [amulet of magic regeneration]

   RegenMP:   It increases your rate of magic regeneration.
   rC+:       It protects you from cold.
 K - an amulet of regeneration
Wands
 s - a wand of quicksilver (21)
 J - a wand of mindburst (23)
Scrolls
 g - a scroll of enchant armour
 l - 2 scrolls of fog
 p - a scroll of vulnerability
 q - a scroll of revelation
 r - 2 scrolls of enchant weapon {unknown}
 t - 5 scrolls of teleportation {unknown}
 w - a scroll of amnesia {unknown}
 x - a scroll of brand weapon {unknown}
 y - a scroll of fear {unknown}
 B - a scroll of immolation {unknown}
 I - a scroll of torment {unknown}
Potions
 a - 2 potions of enlightenment {unknown}
 b - 2 potions of magic
 e - 3 potions of mutation
 j - 2 potions of brilliance {unknown}
 k - 2 potions of lignification {unknown}
 n - 3 potions of curing
 o - 3 potions of heal wounds {unknown}
 u - 3 potions of haste {unknown}
 v - 3 potions of invisibility {unknown}
 C - 2 potions of might {unknown}
 D - 2 potions of ambrosia {unknown}
 E - 2 potions of attraction {unknown}


   Skills:
 + Level 0.4 Fighting
 + Level 2.5 Armour
 + Level 2.8 Dodging
 + Level 3.4 Stealth
 + Level 12.5 Spellcasting
 + Level 5.9 Conjurations
 + Level 9.4 Fire Magic
 + Level 1.1 Earth Magic


You had 18 spell levels left.
You knew the following spells:

 Your Spells              Type           Power      Damage    Failure   Level
a - Scorch                Fire           100%       2d9       1%          2
b - Foxfire               Conj/Fire      100%       2x1d9     1%          1
c - Flame Wave            Conj/Fire      55%        2d13      1%          4
d - Fireball              Conj/Fire      27%        3d12      6%          5
e - Stone Arrow           Conj/Erth      72%        3d11      3%          3

Your spell library contained the following spells:

 Spells                   Type           Power      Damage    Failure   Level
 Magic Dart               Conj           100%       1d8       1%          1
 Sting                    Conj/Alch      100%       1d9       1%          1
 Inner Flame              Hex/Fire       42%        N/A       2%          3
 Volatile Blastmotes      Fire/Tloc      84%        2d17      2%          3
 Sandblast                Erth           46%        2d11      3%          1
 Mercury Vapours          Alch/Air       32%        N/A       8%          2
 Sublimation of Blood     Necr           16%        N/A       8%          2
 Passwall                 Erth           23%        N/A       10%         3
 Brom's Barrelling Bould  Conj/Erth      36%        2d6       12%         4
 Fulminant Prism          Conj/Alch      16%        3d10      14%         4
 Iskenderun's Mystic Bla  Conj/Tloc      32%        2d8       14%         4
 Tukima's Dance           Hex            16%        N/A       16%         3
 Petrify                  Alch/Erth      20%        N/A       36%         4
 Irradiate                Conj/Alch      16%        3d17      38%         5
 Cause Fear               Hex            8%         N/A       45%         4
 Dimensional Bullseye     Hex/Tloc       8%         N/A       45%         4
 Olgreb's Toxic Radiance  Alch           16%        N/A       45%         4
 Dragon's Call            Summ           8%         N/A       100%        9


Dungeon Overview and Level Annotations

Branches:
Dungeon (8/15)             Temple (0/1) D:6         Ossuary (visited)
   Lair: D:8-11

Altars:
Fedhas
Okawaru
Uskayaw
Vehumet
Wu Jian
Yredelemnul

Shops:
D:4 [   D:6 :

Annotations:
D:8 Gastronok


Innate Abilities, Weirdness & Mutations

You have a pair of small horns on your head.
Your mind is acute. (Int +4, Str/Dex -1)
You do not regenerate when monsters are visible.


Message History

Press: ? - help, Shift-Dir - straight line, f/p - Maggie
Aim: Maggie, wielding a +2 halberd of draining and wearing +0 steam dragon scales (almost dead, mesmerising, 71% to hit)
The stone arrow hits Maggie.
You break out of your daze!
You kill Maggie!
Vehumet accepts your kill.
You feel your power returning.
You feel sick.
The kobold brigand throws a poisoned dart.
The poisoned dart hits you!
You are lethally poisoned!
You feel a sudden, passing aversion to salt.
Your life force feels restored.
It was a potion of mutation.
You feel extremely strange.
You feel clever.
Your regeneration stops near monsters.
A pair of horns grows on your head!
Your +0 helmet falls away!
* * * LOW HITPOINT WARNING * * *
You feel very sick.
The kobold brigand throws a poisoned dart.
The poisoned dart completely misses you.
The kobold brigand throws a curare-tipped dart.
The curare-tipped dart hits you.
You are more poisoned.
You have difficulty breathing.
* * * LOW HITPOINT WARNING * * *
You feel yourself slow down.
It was a potion of curing.
You feel better.
The kobold brigand throws a curare-tipped dart.
The curare-tipped dart hits you.
You are lethally poisoned!
You have difficulty breathing.
* * * LOW HITPOINT WARNING * * *
You feel as though you will be slow longer.
You feel better.
Gastronok sloshes about.
Gastronok waves his eye-stalks in wide circles.
The air twists around and strikes you!!
Ouch! That really hurt!
You die...
Gastronok gurgles, "Time to dig in!"

###..#####....#..
##...........###.#
....)...###.###..#
..#####..##.##..##
##.##....## #.####.## #
.## ####..###.####
.....#######.............
..w..K)K@..<.######.#....
...##.#############.#..>.
# ####......#.#.. ###..
####..#.. #
#...#####....#... #K
#...............
.######....########...
..........## ####
...######..##


You could see Gastronok and 2 kobold brigands.

Vanquished Creatures
  Joseph (D:8)
  Maggie (D:8)
  Psyche (D:8)
  A steam dragon (D:6)
  Grum (D:8)
  2 water moccasins (D:7)
  3 orc warriors
  A black bear (D:4)
  2 ice beasts (D:6)
  3 ogres
  A centaur (D:7)
  2 wolves (D:8)
  A kobold brigand (D:3)
  2 bullfrogs
  2 scorpions (D:7)
  A howler monkey (D:8)
  4 hounds
  2 jellies
  8 orc priests
  2 bombardier beetles (D:5)
  Jessica (D:2)
  2 iguanas (D:5)
  3 orc wizards
  8 mummies (Ossuary)
  7 adders
  A shadow imp (D:6)
  4 white imps
  2 ufetubi (D:5)
  A dart slug (D:5)
  A ribbon worm (D:3)
  26 orcs
  10 ball pythons
  9 bats
  4 endoplasms
  5 giant cockroaches
  8 goblins
  8 hobgoblins
  4 jackals (D:4)
  2 quokkas (D:1)
  2 frilled lizards (D:2)
  2 gnoll zombies (Ossuary)
  A hobgoblin zombie (Ossuary)
  12 kobolds
  3 kobold zombies (Ossuary)
  2 orc zombies (Ossuary)
  4 rats
173 creatures vanquished.

Vanquished Creatures (others)
  517 foxfires
517 creatures vanquished.

Grand Total: 690 creatures vanquished

Notes
Turn   | Place    | Note
-------+----------+-------------------------------------------
     0 | D:1      | Atlas the Deep Elf Fire Elementalist began the quest for
                  | the Orb.
     0 | D:1      | Reached XP level 1. HP: 10/10 MP: 6/6
   197 | D:1      | Reached XP level 2. HP: 15/15 MP: 6/8
   200 | D:1      | Learned a level 2 spell: Scorch
  1362 | D:2      | Reached XP level 3. HP: 19/19 MP: 5/10
  1607 | D:2      | Reached skill level 4 in Spellcasting
  1735 | D:2      | Noticed Jessica
  1737 | D:2      | Killed Jessica
  1738 | D:2      | Reached XP level 4. HP: 24/24 MP: 6/12
  2398 | D:3      | Reached skill level 5 in Spellcasting
  3073 | D:3      | Noticed a kobold brigand
  3084 | D:3      | Killed a kobold brigand
  3085 | D:3      | Reached XP level 5. HP: 22/28 MP: 0/15
  3301 | D:4      | Noticed a black bear
  3305 | D:4      | Killed a black bear
  3306 | D:4      | Reached skill level 6 in Spellcasting
  3306 | D:4      | Reached XP level 6. HP: 32/32 MP: 12/17
  3436 | D:4      | Reached skill level 5 in Fire Magic
  3557 | D:4      | Found Jaget's Antique Armour Emporium.
  3733 | D:4      | Found an iron altar of Okawaru.
  3795 | D:4      | Reached skill level 1 in Armour
  4053 | D:4      | Identified the amulet "Xeqic" {RegenMP rC+}
  4089 | D:5      | Entered Level 5 of the Dungeon
  4308 | D:5      | Found a sand-covered staircase.
  4318 | Ossuary  | Entered an ossuary
  4324 | Ossuary  | Learned a level 4 spell: Flame Wave
  4370 | Ossuary  | Reached skill level 7 in Spellcasting
  4372 | Ossuary  | Reached XP level 7. HP: 36/36 MP: 13/19
  4666 | D:5      | Reached skill level 8 in Spellcasting
  4801 | D:5      | Found a radiant altar of Vehumet.
  4811 | D:5      | Became a worshipper of Vehumet
  5552 | D:6      | Reached XP level 8. HP: 41/41 MP: 19/22
  5574 | D:6      | Found a staircase to the Ecumenical Temple.
  5595 | D:6      | Reached skill level 9 in Spellcasting
  6155 | D:6      | Found Zisitr Xeuri's Book Shop.
  6162 | D:6      | Bought a book of the Dragon for 420 gold pieces
  6168 | D:6      | Learned a level 5 spell: Fireball
  6516 | D:6      | Found an ornate altar of the Wu Jian Council.
  6516 | D:6      | Found a hide-covered altar of Uskayaw.
  6517 | D:6      | Found a basalt altar of Yredelemnul.
  6765 | D:7      | Reached skill level 10 in Spellcasting
  6951 | D:7      | Reached * piety under Vehumet
  6951 | D:7      | Offered knowledge of Magic Dart by Vehumet.
  7049 | D:7      | Reached XP level 9. HP: 45/45 MP: 21/25
  7150 | D:7      | Reached skill level 11 in Spellcasting
  7298 | D:7      | Found a blossoming altar of Fedhas.
  7619 | D:8      | Noticed Joseph
  7642 | D:7      | Learned a level 3 spell: Stone Arrow
  8087 | D:8      | Killed Joseph
  8216 | D:8      | Reached skill level 5 in Conjurations
  8312 | D:8      | Noticed Grum
  8324 | D:8      | Killed Grum
  8361 | D:8      | Noticed Psyche
  8363 | D:8      | Killed Psyche
  8364 | D:8      | Reached skill level 12 in Spellcasting
  8364 | D:8      | Reached skill level 1 in Earth Magic
  8407 | D:8      | Noticed Maggie
  8414 | D:8      | Noticed Gastronok
  8418 | D:8      | Killed Maggie
  8419 | D:8      | Gained mutation: Your mind is acute. (Int +4, Str/Dex -1)
                  | [potion of mutation]
  8419 | D:8      | Gained mutation: You do not regenerate when monsters are
                  | visible. [potion of mutation]
  8419 | D:8      | Gained mutation: You have a pair of small horns on your
                  | head. [potion of mutation]
  8419 | D:8      | HP: 2/46 [asphyx]
  8421 | D:8      | Killed from afar by Gastronok

Illustrated notes

Levels and vault maps discovered:
D:1:      minmay_arrival_radiant_lines, layout_basic, serial_aquarium,
          aquarium_bridge_straight [aquarium_subvault_bridge,
          aquarium_subvault_wall, aquarium_subvault_bridge,
          aquarium_subvault_wall], aquarium_window_fake, aquarium_window_1,
          aquarium_window_fake, aquarium_window_1, aquarium_view_2d,
          aquarium_view_2e, aquarium_balcony_1b, minmay_pentomino_p4
D:2:      minmay_inner_zag, layout_basic, uniq_jessica
D:3:      cheibrodos_thug_alley, layout_basic
D:4:      layout_rooms, kennysheep_okawaru_gauntlet, serial_shops,
          nicolae_shop_window_shopping
D:5:      layout_basic, vehumet_crystals, mainiacjoe_ossuary_entry_dusty_tomb,
          eino_tiny_chamber
D:6:      layout_layer_cave, gammafunk_temple_overflow_claw,
          minmay_temple_entry_junction, serial_shops, shop
D:7:      layout_loops_cross, lemuel_round_altar
D:8:      layout_rooms, corexii_checkpoint, nicolae_diode_intersection,
          uniq_maggie, uniq_joseph, uniq_gastronok, uniq_maurice, uniq_grum,
          uniq_prince_ribbit1, uniq_psyche

Skill      XL: |  1  2  3  4  5  6  7  8  9 |
---------------+----------------------------+-----
Spellcasting   | 4 5 6 7 8 10 12 | 12.5
Fire Magic     | 4 5 6 8 9 |  9.4
Conjurations   | 2 3 4 5 |  5.9
Stealth        | 3 |  3.4
Armour         | 1 2 |  2.5
Earth Magic    | 1 |  1.1
Fighting       | |  0.4
Dodging        | |  2.8

Action                     |  1- 3 |  4- 6 |  7- 9 || total
---------------------------+-------+-------+-------++-------
  Melee: Unarmed           |     3 |       |       ||     3
         Dagger            |       |     5 |     1 ||     6
   Cast: Foxfire           |    33 |   122 |   141 ||   296
         Scorch            |    22 |    40 |    64 ||   126
         Flame Wave        |       |       |     2 ||     2
         Stone Arrow       |       |       |    13 ||    13
    Use: Scroll            |       |       |     4 ||     4
         Potion            |       |       |     3 ||     3
 Armour: Leather armour    |     4 |    18 |    26 ||    48
         Robe              |     1 |       |       ||     1
  Dodge: Dodged            |    14 |    19 |    19 ||    52

Table legend: (Time is in decaauts)
 A = Elapsed time spent in this place.
 B = Non-inter-level travel time spent in this place.
 C = Inter-level travel time spent in this place.
 D = Time resting spent in this place.
 E = Time spent auto-exploring this place.
 F = Levels seen in this place.
 G = Mean time per level.
                   A        B        C        D        E       F      G
               +--------+--------+--------+--------+--------+-----+--------+
         Total |   8425 |   8115 |    310 |    411 |   6616 |   9 |  936.1 |
       Dungeon |   8197 |   7887 |    310 |    411 |   6470 |   8 | 1024.6 |
       Ossuary |    227 |    227 |      0 |      0 |    146 |   1 |  227.0 |
               +--------+--------+--------+--------+--------+-----+--------+

Top non-repeatable levels by time:
     D:5: 1229 daAuts
     D:6: 1207 daAuts
     D:3: 1171 daAuts
     D:2: 1093 daAuts
     D:1: 1009 daAuts
     D:7: 839 daAuts
     D:8: 827 daAuts
     D:4: 818 daAuts
 Ossuary: 227 daAuts
